 Dungeon Crawl Stone Soup version 0.24.0-2-g5b39cebb1c (webtiles) character file.

Game seed: 3030432648354335659, levelgen mode: deterministic

1215 Mrkan the Ruffian (level 8, -1/79 HPs)
             Began as a Troll Monk on Oct 29, 2019.
             Was a Priest of Cheibriados.
             Slain by Harold
             ... wielding a +0 halberd
              (9 damage)
             ... on level 7 of the Dungeon.
             The game lasted 00:10:15 (4270 turns).

Mrkan the Ruffian (Troll Monk)                      Turns: 4270, Time: 00:10:16

Health: -1/79      AC:  7    Str: 28    XL:     8   Next: 22%
Magic:  7/7        EV:  9    Int: 16    God:    Cheibriados [***...]
Gold:   269        SH: 10    Dex: 20    Spells: 7/7 levels left

rFire    . . .     SeeInvis .     - Unarmed
rCold    . . .     Gourm    +   u - +0 shield
rNeg     . . .     Faith    .   a - +0 robe
rPois    .         Spirit   .   (helmet restricted)
rElec    .         Reflect  .   n - +0 cloak
rCorr    .         Harm     .   (gloves unavailable)
MR       .....                  (boots unavailable)
Stlth    +++.......             (no amulet)
HPRegen  0.63/turn              w - ring of stealth
MPRegen  0.10/turn              (no ring)

@: marked, very slow
A: large, unfitting armour, claws 3, fast metabolism 3, gourmand, regeneration
1, shaggy fur 1, tough skin 3
a: Bend Time, Temporal Distortion, Renounce Religion


You were on level 7 of the Dungeon.
You worshipped Cheibriados.
Cheibriados was most pleased with you.
You were very full.

You visited 1 branch of the dungeon, and saw 7 of its levels.

You collected 269 gold pieces.

Inventory:

Hand Weapons
 B - the +7 arbalest "Weleyrghi" {flame, rElec, unknown}
   (You found it on level 5 of the Dungeon)

   It causes projectiles fired from it to burn those they strike, causing extra
   injury to most foes and up to half again as much damage against particularly
   susceptible opponents.
   It insulates you from electricity.
Missiles
 h - 14 javelins (quivered)
 m - a throwing net
 p - 7 boomerangs
 q - 44 poisoned darts
Armour
 a - a +0 robe (worn)
 n - a +0 cloak (worn)
 u - a +0 shield (worn)
Jewellery
 c - a +3 ring of intelligence {unknown}
 w - a ring of stealth (left claw)
 D - a +6 ring of evasion {unknown}
Wands
 v - a wand of digging (8)
 y - a wand of polymorph (10)
Scrolls
 d - a scroll of identify
 e - 2 scrolls of fog
 g - a scroll of blinking {unknown}
 j - a scroll of magic mapping {unknown}
 k - a scroll of enchant armour {unknown}
 l - a scroll of immolation {unknown}
 r - 2 scrolls of remove curse {unknown}
 t - a scroll of fear {unknown}
 x - a scroll of amnesia {unknown}
Potions
 f - a potion of berserk rage {unknown}
 i - 3 potions of degeneration {unknown}
 o - a potion of mutation {unknown}
 s - 2 potions of curing {unknown}
 z - a potion of haste {unknown}
 A - a potion of brilliance {unknown}
 C - a potion of magic {unknown}
 E - a potion of heal wounds {unknown}
Comestibles
 b - 16 rations


   Skills:
 + Level 4.9 Fighting
 + Level 3.5 Throwing
 - Level 2.4 Dodging
 - Level 1.0 Stealth
 * Level 3.6 Shields
 - Level 6.3 Unarmed Combat


You had 7 spell levels left.
You didn't know any spells.
Your spell library contained the following spells:

 Spells                   Type           Power        Failure   Level  Hunger
 Confusing Touch          Hex            #.....       63%         1    ##.....
 Summon Small Mammal      Summ           #...         63%         1    ##.....
 Call Imp                 Summ           #.......     77%         2    ###....
 Corpse Rot               Necr           N/A          77%         2    ###....
 Sublimation of Blood     Necr           #.........   77%         2    ###....
 Call Canine Familiar     Summ           #.......     94%         3    ####...
 Confuse                  Hex            #.......     94%         3    ####...
 Gell's Gravitas          Tloc           #.........   94%         3    ####...
 Summon Guardian Golem    Hex/Summ       #.......     94%         3    ####...
 Petrify                  Tmut/Erth      #.......     100%        4    #####..
 Summon Ice Beast         Ice/Summ       #.......     100%        4    #####..
 Summon Lightning Spire   Summ/Air       #.......     100%        4    #####..
 Agony                    Necr           #.......     100%        5    ######.
 Bolt of Draining         Conj/Necr      #.........   100%        5    ######.
 Dispel Undead            Necr           #.......     100%        5    ######.
 Excruciating Wounds      Chrm/Necr      #.........   100%        5    ######.
 Metabolic Englaciation   Hex/Ice        #.........   100%        5    ######.
 Yara's Violent Unravell  Hex/Tmut       #.........   100%        5    ######.


Dungeon Overview and Level Annotations

Branches:
Dungeon (7/15)             Temple (0/1) D:6

Altars:
Ashenzari
Cheibriados
Dithmenos
Hepliaklqana
Okawaru
Qazlal
Wu Jian
The Shining One

Annotations:
D:7 Harold


Innate Abilities, Weirdness & Mutations

You are too large for most types of armour.
You have claws for hands.
Your metabolism is lightning-fast.
You like to eat raw meat.
Your natural rate of healing is unusually fast.
You are covered in fur. (AC +1)
You have extremely tough skin. (AC +3)


Message History

You scratch Harold.
Harold is almost dead.
Harold hits you but does no damage.
You scratch Harold.
Harold is almost dead.
The centaur unwields a +0 shortbow.
The centaur hits you.
* * * LOW HITPOINT WARNING * * *
Unknown command.
You claw Harold!
Harold is almost dead.
Harold hits you with a +0 halberd!
* * * LOW HITPOINT WARNING * * *
The centaur completely misses you.
Unknown command.
You barely miss Harold.
Harold is almost dead.
The centaur hits you but does no damage.
Harold says, "Let's make it quick, okay?
I've got mouths to feed."
Harold hits you with a +0 halberd!
You die...

.........#.#.....#
#####
...##....#.#.......#
.)......##.#..........
......................[
.................^.....
....####...#...........
.... #.....#.....#..#..
..# ##.(...#.....#...
.. #..@.......
#....@c.#....
.<........#....
.#........# #.....####
#....# ##... #...


You could see Harold and a centaur.

Vanquished Creatures
  An ice beast (D:5)
  A necrophage (D:5)
  A phantom (D:4)
  3 centaurs
  Blork the orc (D:6)
  A bullfrog (D:6)
  A wyvern zombie (D:6)
  A scorpion (D:4)
  A jelly (D:5)
  A howler monkey (D:2)
  A hound (D:4)
  Crazy Yiuf (D:4)
  An orc wizard (D:4)
  4 worker ants
  A worker ant zombie (D:5)
  Robin (D:2)
  4 gnolls (D:2)
  6 adders
  A shadow imp (D:6)
  An ooze (D:3)
  4 worms
  A dart slug (D:1)
  2 leopard geckos
  15 orcs
  4 bats
  4 giant cockroaches
  10 hobgoblins
  2 frilled lizards
  16 goblins
  6 kobolds
  4 rats
101 creatures vanquished.

Notes
Turn   | Place    | Note
-------+----------+-------------------------------------------
     0 | D:1      | Mrkan the Troll Monk began the quest for the Orb.
     0 | D:1      | Reached XP level 1. HP: 22/22 MP: 0/0
   151 | D:1      | Reached XP level 2. HP: 19/29 MP: 1/1
   505 | D:2      | Noticed Robin
   536 | D:2      | Killed Robin
   536 | D:2      | Reached skill level 4 in Unarmed Combat
   536 | D:2      | Reached XP level 3. HP: 14/36 MP: 2/2
   680 | D:2      | Found a shattered altar of Ashenzari.
   688 | D:2      | Reached XP level 4. HP: 35/45 MP: 1/3
   821 | D:2      | Reached skill level 5 in Unarmed Combat
   821 | D:2      | Reached XP level 5. HP: 40/53 MP: 4/4
  1386 | D:3      | Found a faded altar of an unknown god.
  1435 | D:3      | Found a snail-covered altar of Cheibriados.
  1446 | D:3      | Became a worshipper of Cheibriados the Contemplative
  1446 | D:3      | Reached * piety under Cheibriados
  1446 | D:3      | Reached ** piety under Cheibriados
  2206 | D:4      | Reached skill level 1 in Throwing
  2233 | D:4      | Reached XP level 6. HP: 62/62 MP: 5/5
  2288 | D:4      | Reached skill level 6 in Unarmed Combat
  2408 | D:4      | Found a runed translucent door.
  2409 | D:4      | Noticed Crazy Yiuf
  2430 | D:4      | Reached *** piety under Cheibriados
  2674 | D:4      | Killed Crazy Yiuf
  2766 | D:5      | Entered Level 5 of the Dungeon
  2833 | D:5      | Found an iron altar of Okawaru.
  2947 | D:5      | Reached XP level 7. HP: 70/70 MP: 6/6
  2974 | D:5      | Found an ornate altar of the Wu Jian Council.
  3066 | D:5      | Found a hazy altar of Hepliaklqana.
  3074 | D:5      | Reached skill level 1 in Shields
  3179 | D:5      | Got a brightly glowing arbalest
  3805 | D:6      | Noticed Blork the orc
  3809 | D:6      | Killed Blork the orc
  3854 | D:6      | Reached XP level 8. HP: 63/79 MP: 7/7
  3886 | D:6      | Found a glowing golden altar of the Shining One.
  3897 | D:6      | Found a staircase to the Ecumenical Temple.
  4072 | D:6      | Found a shadowy altar of Dithmenos.
  4248 | D:7      | Found a stormy altar of Qazlal.
  4255 | D:7      | Noticed Harold
  4270 | D:7      | Slain by Harold

Levels and vault maps discovered:
D:1:      saegor_arrival_simple_b, layout_basic, minmay_pentomino_s4
D:2:      layout_basic, evilmike_ruin_ashenzari, first_ration, uniq_robin
D:3:      layout_basic, old_standard_altar, chequers_ecumenical_altar_grove
D:4:      layout_loops_ring, uniq_crazy_yiuf_cottage
D:5:      corexii_shack_village, layout_basic, lemuel_doored_altar,
          okawaru_metal_pillars_1_2, kennysheep_mini, serial_rivers,
          chequers_serial_rivers_small_3, chequers_serial_rivers_micro_a,
          chequers_serial_rivers_small_a, chequers_serial_rivers_micro_c,
          lemuel_old_faithful
D:6:      layout_rooms, old_standard_altar, minmay_temple_entry_statues_pillars,
          grunt_dithmenos_smoke_and_mirrors, uniq_blork_the_orc
D:7:      kennysheep_seaside_town, layout_basic,
          nicolae_qazlal_style_of_elements, the_bakery, uniq_harold

Skill      XL: |  1  2  3  4  5  6  7 |
---------------+----------------------+-----
Unarmed Combat | 4 5 6 |  6.3
Fighting       | 3 4 |  4.9
Throwing       | 1 2 3 |  3.5
Shields        | 3 |  3.6
Dodging        | |  2.4
Stealth        | |  1.0

Action                   |  1- 3 |  4- 6 |  7- 9 || total
-------------------------+-------+-------+-------++-------
Melee: Unarmed           |    74 |   126 |    64 ||   264
       Punch             |     2 |     2 |       ||     4
Throw: Javelin           |       |     6 |     2 ||     8
  Use: Scroll            |       |       |     3 ||     3
 Stab: Sleeping          |       |       |     7 ||     7
  Eat: Chunk             |    12 |    16 |     7 ||    35
Armor: Robe              |    29 |    41 |    15 ||    85
Dodge: Dodged            |    41 |    66 |    17 ||   124
Block: Shield            |       |     3 |    22 ||    25
